 Dungeon Crawl Stone Soup version 0.20.1-1-g8b1a95d (webtiles) character file.

3767 Ketharn the Severer (level 10, -5/81 HPs)
             Began as a Hill Orc Berserker on Sept 19, 2017.
             Was an Elder of Trog.
             Slain by prototypeXXsupercool's ghost (16 damage)
             ... on level 8 of the Dungeon on Sept 20, 2017.
             The game lasted 00:47:42 (12120 turns).

Ketharn the Severer (Hill Orc Berserker)           Turns: 12120, Time: 00:47:43

Health: -5/81      AC: 14    Str: 24    XL:     10   Next: 16%
Magic:  10/10      EV:  6    Int:  7    God:    Trog [****..]
Gold:   193        SH: 10    Dex: 10    Spells: 9/9 levels left

rFire    . . .     SeeInvis .   i - +0 war axe
rCold    . . .     Gourm    .   B - +0 shield
rNeg     . . .     Faith    .   e - +0 plate armour
rPois    .         Spirit   .   q - +0 helmet
rElec    .         Reflect  .   y - +0 cloak
rCorr    .         Harm     .   (no gloves)
MR       +....                  k - +0 pair of boots
Stlth    ..........             (no amulet)
Regen    0.3/turn               l - ring of protection from magic
MPRegen  0.2/turn               n - +1 ring of evasion

@: about to teleport, berserk cooldown, slowed, very slow
A: no striking features
a: Berserk, Trog's Hand, Brothers in Arms, Burn Spellbooks, Renounce Religion


You were on level 8 of the Dungeon.
You worshipped Trog.
Trog was greatly pleased with you.
You were very hungry.

You visited 1 branch of the dungeon, and saw 8 of its levels.

You collected 376 gold pieces.
You spent 183 gold pieces at shops.

Inventory:

Hand Weapons
 i - a +0 war axe (weapon)
Missiles
 j - 145 stones (quivered)
Armour
 e - a +0 plate armour (worn)
 k - a +0 pair of boots (worn)
 q - a +0 helmet (worn)
 y - a +0 cloak (worn)
 B - a +0 shield (worn)
Jewellery
 a - an uncursed ring of positive energy {unknown}
 l - a ring of protection from magic (left hand)
 n - a +1 ring of evasion (right hand)
 A - an uncursed ring of protection from fire {unknown}
Wands
 o - a wand of paralysis (15/24)
 s - a wand of polymorph (14/24)
 I - a wand of enslavement (2/24)
Scrolls
 f - a scroll of enchant armour
 p - a scroll of identify
 u - a scroll of recharging
 z - 2 scrolls of remove curse
 H - 3 scrolls of magic mapping
Potions
 c - a potion of curing
 g - a potion of mutation {unknown}
Comestibles
 b - a royal jelly
 h - a meat ration
 m - 3 fruits


   Skills:
 * Level 5.0 Fighting
   Level 3.7 Long Blades
 * Level 15.3(15.6) Axes
   Level 4.0(9.6) Maces & Flails
 - Level 2.1 Armour
 - Level 1.5 Dodging
 * Level 4.4 Shields


You had 9 spell levels left.
You didn't know any spells.

Dungeon Overview and Level Annotations

Branches:
Dungeon (8/15)             Temple (0/1) D:5
   Lair: D:8-11

Altars:
Ashenzari
Elyvilon
Nemelex Xobeh
Okawaru
Sif Muna
Uskayaw
Zin

Shops:
D:5 *((?

Annotations:
D:8 prototypeXXsupercool's ghost, journeyman DrBe


Message History

PrototypeXXsupercool's ghost is heavily damaged.
You block prototypeXXsupercool's ghost's attack.
You miss prototypeXXsupercool's ghost.
PrototypeXXsupercool's ghost is heavily damaged.
PrototypeXXsupercool's ghost hits you but does no damage.
You miss prototypeXXsupercool's ghost.
PrototypeXXsupercool's ghost is heavily damaged.
PrototypeXXsupercool's ghost closely misses you.
PrototypeXXsupercool's ghost hits you!!
* * * LOW HITPOINT WARNING * * *
You miss prototypeXXsupercool's ghost.
PrototypeXXsupercool's ghost is heavily damaged.
You block prototypeXXsupercool's ghost's attack.
You hit prototypeXXsupercool's ghost but do no damage.
PrototypeXXsupercool's ghost is heavily damaged.
PrototypeXXsupercool's ghost hits you but does no damage.
PrototypeXXsupercool's ghost barely misses you.
As you read the scroll of teleportation, it crumbles to dust.
You feel strangely unstable. PrototypeXXsupercool's ghost hits you!
You die...

#.# #...._##.##.##.#
#.# #.###.##.##.##.#
#.###.# #.##....#..#
#...#.# #.##.####.##
###.#.###.##.####.##
#.#........#......
#.#.##.###.#.#...#
#.#.##.....#######
#####@#.....##..#
#...aW......#<.##
#.###.#.########
#.#.#.# ###.#.#.#
#.....#.##############
#.##..#............#..
#..###########.....
#... #.##..


You could see a worker ant and prototypeXXsupercool's ghost.

Vanquished Creatures
  The ghost of odie the Basher, a novice MiBe of Trog (D:6)
  2 hippogriffs
  The ghost of Fandomethor the Poker, an amateur MfBe of Trog (D:3)
  A water moccasin (D:7)
  2 ice beasts
  2 orc warriors (D:6)
  2 phantoms
  2 ogres
  4 centaurs
  Blork the orc (D:5)
  3 bullfrogs
  A gnoll sergeant (D:5)
  A scorpion (D:5)
  2 howler monkeys
  4 crimson imps
  2 bullfrog zombies
  2 jellies
  Crazy Yiuf (D:3)
  4 hounds
  3 orc priests
  7 orc wizards
  A bullfrog skeleton (D:8)
  2 iguanas
  5 worker ants
  A worker ant zombie (D:7)
  7 gnolls (D:5)
  10 adders
  2 shadow imps
  An ooze (D:1)
  2 adder skeletons
  2 worms
  2 dart slugs
  5 leopard geckos
  35 orcs
  6 giant cockroaches
  12 goblins
  11 hobgoblins
  6 jackals
  5 kobolds
  3 quokkas
  A ball python (D:5)
  7 bats
  4 frilled lizards
  A quokka zombie (D:7)
  7 rats
186 creatures vanquished.

Notes
Turn   | Place    | Note
-------+----------+-------------------------------------------
     0 | D:1      | Ketharn the Hill Orc Berserker began the quest for the Orb.
     0 | D:1      | Reached XP level 1. HP: 19/19 MP: 1/1
   151 | D:1      | Reached XP level 2. HP: 23/26 MP: 2/2
   469 | D:1      | Reached skill level 5 in Axes
   573 | D:1      | HP: 1/26 [hobgoblin/club (6)]
   584 | D:1      | Reached XP level 3. HP: 8/31 MP: 3/3
  1890 | D:2      | Reached ** piety under Trog
  1970 | D:2      | Reached skill level 6 in Axes
  2263 | D:2      | Reached XP level 4. HP: 39/39 MP: 4/4
  2291 | D:2      | Found a deep blue altar of Sif Muna.
  3884 | D:3      | Found a runed door.
  3913 | D:3      | Noticed Crazy Yiuf
  3918 | D:3      | Killed Crazy Yiuf
  3918 | D:3      | Reached skill level 1 in Maces & Flails
  4314 | D:3      | Reached skill level 7 in Axes
  4314 | D:3      | Reached XP level 5. HP: 41/45 MP: 5/5
  4356 | D:3      | Noticed an ogre
  4358 | D:3      | Found a shattered altar of Ashenzari.
  4364 | D:3      | Killed an ogre
  4651 | D:3      | Noticed Fandomethor's ghost (amateur MfBe)
  4666 | D:3      | Reached XP level 6. HP: 17/51 MP: 6/6
  4672 | D:3      | Killed Fandomethor's ghost
  4672 | D:3      | Reached skill level 8 in Axes
  5416 | D:3      | Found a sparkling altar of Nemelex Xobeh.
  5772 | D:4      | Reached *** piety under Trog
  5946 | D:4      | Reached skill level 9 in Axes
  5946 | D:4      | Reached XP level 7. HP: 57/57 MP: 7/7
  6641 | D:5      | Entered Level 5 of the Dungeon
  6641 | D:5      | Found Sexoism's General Store.
  6646 | D:5      | Bought a scroll of enchant armour for 82 gold pieces
  6646 | D:5      | Bought a +0 chain mail for 49 gold pieces
  6678 | D:5      | Noticed Blork the orc
  6691 | D:5      | Killed Blork the orc
  7021 | D:5      | Reached skill level 1 in Long Blades
  7049 | D:5      | Found an iron altar of Okawaru.
  7069 | D:5      | Found a staircase to the Ecumenical Temple.
  7101 | D:5      | Reached XP level 8. HP: 50/66 MP: 8/8
  7121 | D:5      | Reached skill level 10 in Axes
  7145 | D:5      | Found Tiofukk's Weapon Emporium.
  7152 | D:5      | Found Gayrr's Antique Weapon Boutique.
  7465 | D:5      | Reached skill level 11 in Axes
  8391 | D:5      | Reached skill level 12 in Axes
  8766 | D:5      | Found Plog's Magic Scroll Boutique.
  8775 | D:5      | Bought a scroll of identify for 26 gold pieces
  8775 | D:5      | Bought a scroll of identify for 26 gold pieces
  8936 | D:5      | Found a glowing silver altar of Zin.
  9290 | D:6      | Reached XP level 9. HP: 71/71 MP: 9/9
  9617 | D:6      | Reached skill level 13 in Axes
  9685 | D:6      | Reached skill level 1 in Shields
  9710 | D:6      | Reached **** piety under Trog
 10152 | D:6      | Noticed odie's ghost (novice MiBe)
 10176 | D:6      | Killed odie's ghost
 10176 | D:6      | Reached skill level 14 in Axes
 10556 | D:7      | Found a sand-covered staircase.
 11099 | D:7      | Reached skill level 15 in Axes
 11166 | D:7      | Reached XP level 10. HP: 69/80 MP: 10/10
 11548 | D:8      | Found a white marble altar of Elyvilon.
 11806 | D:8      | Reached skill level 5 in Fighting
 11942 | D:8      | Found a hide-covered altar of Uskayaw.
 11967 | D:8      | Found a runed door.
 11975 | D:8      | Found a runed door.
 11993 | D:8      | Found a runed door.
 11996 | D:8      | Found a large runed door.
 12080 | D:8      | Noticed prototypeXXsupercool's ghost (journeyman DrBe)
 12120 | D:8      | Slain by prototypeXXsupercool's ghost

Skill      XL: |  1  2  3  4  5  6  7  8  9 10 |
---------------+-------------------------------+-----
Axes           | 5 6 7 9 12 15 | 15.3
Maces & Flails | 1 2 3 4 |  4.0
Long Blades    | 3 |  3.7
Shields        | 3 4 |  4.4
Fighting       | 4 5 |  5.0
Armour         | |  2.1
Dodging        | |  1.5

Action                   |  1- 3 |  4- 6 |  7- 9 | 10-12 || total
-------------------------+-------+-------+-------+-------++-------
Melee: Hand axe          |    83 |   182 |   378 |       ||   643
       Mace              |    39 |    50 |       |       ||    89
       War axe           |       |       |   158 |    90 ||   248
 Fire: Shortbow          |       |       |     2 |       ||     2
Invok: Berserk           |     1 |     7 |    11 |     1 ||    20
       Trog's Hand       |     1 |       |       |       ||     1
  Use: Scroll            |     4 |     3 |     8 |     2 ||    17
       Potion            |     1 |       |    10 |     2 ||    13
 Stab: Invisible         |       |       |     1 |       ||     1
  Eat: Chunk             |     1 |     4 |     9 |       ||    14
       Meat ration       |     1 |       |     1 |       ||     2
       Bread ration      |       |     3 |     3 |       ||     6
       Fruit             |       |     1 |       |       ||     1
       Royal jelly       |       |       |       |     1 ||     1
Armor: Animal skin       |    31 |    12 |       |       ||    43
       Ring mail         |       |    60 |     7 |       ||    67
       Chain mail        |       |       |    83 |       ||    83
       Plate armour      |       |       |   110 |    26 ||   136
Dodge: Dodged            |    83 |   134 |   114 |    12 ||   343
Block: Shield            |       |       |    85 |    36 ||   121
